Map: Dusk Towers

Players

PengWin

  • Race: Zerg Zerg

relmer - Winner!

  • Race: Protoss Protoss
  • League: Master

Event: DreamHack ZOWIE Open Leipzig

VOD

Have the link to the VOD?

Description

Time

  • Played on: Jan. 22, 2016, 8 a.m.
  • Length: 8:03

All games in this series

Show
View Real Time Build Order
Export as new Build Order

PengWin Zerg 

Build Orders: 3 Hatch before Pool 

Get SALT Encoding   

  12  0:01  Drone  
  13  0:12  Overlord  
  13  0:17  Drone  
  14  0:30  Drone x2  
  14  0:35  Drone  
  17  0:53  Hatchery, Drone  
  17  1:00  Drone  
  18  1:10  Drone  
  19  1:21  Hatchery  
  19  1:25  Extractor  
  17  1:33  Spawning Pool  
  17  1:39  Drone x2  
  18  1:46  Drone  
  19  2:06  Drone  
  20  2:14  Drone x2  
  22  2:16  Drone x2  
  22  2:20  Queen x2  
  28  2:27  Metabolic Boost  
  28  2:34  Zergling x4  
  30  2:41  Zergling x6  
  30  2:44  Overlord  
  33  2:47  Zergling x2  
  34  2:51  Overlord  
  34  3:02  Evolution Chamber  
  33  3:09  Drone x2, Queen  
  33  3:10  Drone x2  
  39  3:13  Zergling x2  
  39  3:14  Zergling x2  
  39  3:17  Overlord  
  41  3:20  Zergling x2  
  42  3:43  Overlord  
  42  3:46  Drone x8  
  49  3:55  Overlord x2  
  49  4:11  Drone  
  49  4:12  Queen  
  49  4:13  Spore Crawler  
  49  4:15  Spore Crawler x2  
  49  4:16  Drone x7  
  54  4:29  Lair  
  53  4:31  Extractor  
  53  4:33  Drone, Extractor  
  53  4:34  Drone x5  
  57  4:56  Zerg Melee Weapons Level 1  
  57  5:03  Overlord x3  
  57  5:07  Overlord  
  54  5:22  Drone x3  
  54  5:23  Drone  
  54  5:26  Drone  
  54  5:27  Drone x5  
  64  5:29  Hydralisk Den  
  64  5:33  Zergling x16  
  64  5:34  Zergling x4  
  73  5:51  Extractor  
  73  5:54  Overlord x4  
  72  6:02  Muscular Augments  
  69  6:12  Hydralisk  
  69  6:13  Hydralisk x6  
  83  6:18  Drone x2  
  83  6:19  Drone x2  
  83  6:20  Drone x4  
  88  6:42  Overlord x3  
  88  6:49  Spire  
  76  7:03  Hydralisk, Queen  
  76  7:04  Hydralisk x4  
  76  7:07  Drone  
  76  7:08  Drone x10  
  91  7:13  Extractor x2  
  86  7:21  Hydralisk x2  
  90  7:36  Hydralisk x3  
Show
View Real Time Build Order
Export as new Build Order

relmer Protoss - Winner!

Build Orders: 1 Gate Expand, Phoenix Opening 

Get SALT Encoding   

  12  0:01  Probe (Chrono Boost)  
  13  0:11  Probe (Chrono Boost)  
  14  0:20  Pylon  
  14  0:22  Probe (Chrono Boost)  
  15  0:38  Probe (Chrono Boost)  
  15  0:41  Gateway  
  16  0:46  Assimilator  
  16  0:49  Probe (Chrono Boost)  
  17  1:01  Probe (Chrono Boost)  
  18  1:12  Probe (Chrono Boost)  
  19  1:21  Nexus  
  19  1:23  Probe (Chrono Boost)  
  20  1:33  Cybernetics Core  
  20  1:37  Probe (Chrono Boost)  
  21  1:44  Assimilator  
  21  1:47  Probe (Chrono Boost)  
  21  1:52  Pylon  
  22  2:02  Probe (Chrono Boost)  
  23  2:10  Stalker (Chrono Boost), Warp Gate  
  23  2:13  Probe  
  26  2:25  Probe  
  27  2:34  Stargate  
  27  2:35  Probe  
  29  2:37  Probe  
  29  2:40  Adept (Chrono Boost)  
  31  2:45  Probe  
  31  2:49  Probe  
  33  2:56  Probe (Chrono Boost)  
  34  2:59  Assimilator  
  34  3:01  Probe (Chrono Boost), Pylon  
  35  3:08  Probe (Chrono Boost)  
  35  3:12  Probe (Chrono Boost), Stargate  
  37  3:18  Probe (Chrono Boost)  
  38  3:23  Probe (Chrono Boost)  
  38  3:25  Phoenix (Chrono Boost)  
  41  3:27  Probe (Chrono Boost)  
  42  3:34  Probe  
  42  3:37  Assimilator  
  42  3:38  Probe  
  44  3:45  Pylon  
  44  3:49  Gateway  
  44  3:51  Gateway  
  44  3:55  Mothership Core (Chrono Boost)  
  44  3:57  Phoenix (Chrono Boost)  
  44  3:58  Pylon  
  46  4:07  Probe (Chrono Boost)  
  46  4:08  Pylon  
  47  4:14  Gateway, Probe (Chrono Boost)  
  48  4:22  Adept  
  48  4:23  Phoenix (Chrono Boost)  
  50  4:28  Probe (Chrono Boost)  
  50  4:29  Probe (Chrono Boost)  
  50  4:30  Pylon  
  52  4:34  Phoenix (Chrono Boost)  
  54  4:40  Probe  
  54  4:41  Probe  
  56  4:48  Phoenix (Chrono Boost)  
  56  4:52  Probe  
  59  4:53  Adept x2  
  59  4:55  Adept  
  65  5:01  Phoenix (Chrono Boost)  
  65  5:03  Probe  
  65  5:04  Probe  
  69  5:15  Probe  
  69  5:16  Probe  
  69  5:18  Phoenix (Chrono Boost)  
  69  5:21  Adept x2  
  75  5:24  Pylon  
  75  5:26  Sentry  
  79  5:29  Phoenix (Chrono Boost)  
  79  5:34  Probe  
  82  5:44  Nexus  
  82  5:46  Probe  
  82  5:47  Probe  
  84  5:52  Pylon  
  84  5:53  Pylon  
  84  5:58  Pylon  
  84  6:08  Probe  
  84  6:11  Sentry x3  
  87  6:12  Gateway  
  87  6:13  Gateway  
  87  6:15  Probe  
  92  6:20  Probe  
  92  6:24  Phoenix x2 (Chrono Boost)  
  97  6:27  Probe  
  97  6:32  Probe  
  99  6:39  Probe  
  100  6:42  Robotics Facility  
  100  6:44  Probe  
  100  6:45  Gateway x2  
  101  6:59  Phoenix x2 (Chrono Boost)  
  105  7:11  Twilight Council  
  105  7:13  Pylon  
  105  7:17  Adept x3  
  105  7:20  Phoenix (Chrono Boost)  
  105  7:21  Probe x3  
  116  7:25  Assimilator  
  116  7:31  Probe  
  116  7:33  Probe x2  
  119  7:43  Probe (Chrono Boost)  
  122  7:44  Probe (Chrono Boost)  
  122  7:45  Probe (Chrono Boost)  
  122  7:46  Assimilator  

Tags
 
Add a new tag
Caveats
  • Supply blocks, unpowered buildings, or Contaminate may cause inaccurate times.
  • Supply counts are checked every 10 seconds.